 Dungeon Crawl Stone Soup version 0.28-a0-998-gb9e9c7b67e (webtiles) character file.

Game seed: 4387410517622803758

44 Armakuni the Grave Robber (level 3, 0/24 HPs)
             Began as a Human Necromancer on Dec 5, 2021.
             Slain by a hound (4 damage)
             ... on level 2 of the Dungeon.
             The game lasted 00:03:47 (2170 turns).

Armakuni the Grave Robber (Human Necromancer)       Turns: 2170, Time: 00:03:47

Health: 0/24       AC:  2    Str: 10    XL:     3   Next: 85%
Magic:  2/7        EV: 12    Int: 15    God:
Gold:   37         SH:  0    Dex: 13    Spells: 3/7 levels left

rFire   . . .      SeeInvis .   a - +0 dagger
rCold   . . .      Faith    .   (no shield)
rNeg    . . .      Spirit   .   b - +0 robe
rPois   .          Reflect  .   (no helmet)
rElec   .          Harm     .   (no cloak)
rCorr   .          Rampage  .   (no gloves)
Will    .....                   (no boots)
Stlth   ++........              (no amulet)
HPRegen 0.08/turn               (no ring)
MPRegen 0.10/turn               (no ring)

@: very slightly contaminated
A: no striking features
a: no special abilities


You were on level 2 of the Dungeon.
You visited 1 branch of the dungeon, and saw 2 of its levels.

You collected 37 gold pieces.

Inventory:

Hand Weapons
 a - a +0 dagger (weapon)
Missiles
 e - 18 sling bullets
Armour
 b - a +0 robe (worn)
 h - a +0 ring mail
Scrolls
 c - a scroll of enchant weapon
 i - a scroll of enchant armour
Potions
 d - 2 potions of cancellation


   Skills:
 - Level 2.0 Dodging
 - Level 2.0 Stealth
 + Level 2.9 Spellcasting
 + Level 4.6 Necromancy


You had 3 spell levels left.
You knew the following spells:

 Your Spells              Type           Power      Damage    Failure   Level
a - Pain                  Necr           64%        1d7       3%          1
z - Vampiric Draining     Necr           16%        2d7       9%          3

Your spell library contained the following spells:

 Spells                   Type           Power      Damage    Failure   Level
 Animate Skeleton         Necr           32%        N/A       3%          1
 Animate Dead             Necr           8%         N/A       30%         4
 Agony                    Necr           16%        N/A       63%         5


Dungeon Overview and Level Annotations

Branches:
Dungeon (2/15)

Altars:

Annotations:
D:2 Sigmund


Message History

Confirm with . or Enter, or press ? or * to list all spells.
The spell is quite dangerous to miscast (9% risk of failure)!
Continue anyway?
Aiming: Vampiric Draining (quite dangerous; 9% risk of failure)
Press: ? - help, Shift-Dir - straight line, f/p - hound
Aim: a hound You miscast Vampiric Draining.
Nothing appears to happen.
The hound barely misses you. The hound misses you.
As you read the scroll labelled JIUTREA RIYTZ, it crumbles to dust.
It is a scroll of identify.
d - 2 potions of cancellation The hound bites you.
As you read the scroll of identify, it crumbles to dust.
c - a scroll of enchant weapon The hound bites you but does no damage.
The hound bites you.
As you read the scroll of identify, it crumbles to dust.
g - a scroll of immolation The hound bites you.
As you read the scroll of identify, it crumbles to dust.
i - a scroll of enchant armour The hound misses you.
The hound closely misses you.
Okay, then.
Okay, then.
Unknown command.
You aren't carrying any items that you can evoke.
Unknown command.
The hound barely misses you. The hound bites you.
* * * LOW HITPOINT WARNING * * *
The hound bites you.
* * * LOW HITPOINT WARNING * * *
Okay, then.
Okay, then.
Unknown command.
The hound bites you but does no damage.
Really read the scroll of immolation?
As you read the scroll of immolation, it crumbles to dust.
The creatures around you are filled with an inner flame!
The hound closely misses you.
You barely miss the hound. The hound bites you.
You die...

'............###
#...............
#.......####.###
##.#####...#
#.#.# #.#.#
#.#.# #####h#.#
#<..@.#.#
#######.# .#


You could see a hound (inner flame).

Vanquished Creatures
  2 adders (D:2)
  5 endoplasms (D:1)
  2 giant cockroaches (D:1)
  2 goblins (D:1)
  A hobgoblin (D:1)
  A jackal (D:1)
  2 ball pythons
  5 bats
  A frilled lizard (D:2)
  4 kobolds
  A rat (D:1)
26 creatures vanquished.

Notes
Turn   | Place    | Note
-------+----------+-------------------------------------------
     0 | D:1      | Armakuni the Human Necromancer began the quest for the Orb.
     0 | D:1      | Reached XP level 1. HP: 13/13 MP: 3/3
   345 | D:1      | Reached XP level 2. HP: 18/19 MP: 3/5
  1363 | D:2      | Noticed Sigmund
  1587 | D:2      | Reached XP level 3. HP: 10/24 MP: 0/7
  1910 | D:2      | Learned a level 3 spell: Vampiric Draining
  2170 | D:2      | Slain by a hound

Illustrated notes

Levels and vault maps discovered:
D:1:      eino_arrival_water_star, layout_basic
D:2:      minmay_spotlight, layout_basic, lightli_corner_chamber, uniq_robin,
          uniq_natasha, uniq_sigmund

Action                   || total
-------------------------++-------
Melee: Dagger            ||     2
 Cast: Pain              ||    52
  Use: Scroll            ||     5
Armor: Robe              ||     6
Dodge: Dodged            ||    22

Table legend: (Time is in decaauts)
 A = Elapsed time spent in this place.
 B = Non-inter-level travel time spent in this place.
 C = Inter-level travel time spent in this place.
 D = Time resting spent in this place.
 E = Time spent auto-exploring this place.
 F = Levels seen in this place.
 G = Mean time per level.
                   A        B        C        D        E       F      G
               +--------+--------+--------+--------+--------+-----+--------+
         Total |   2172 |   2090 |     82 |    819 |    961 |   2 | 1086.0 |
       Dungeon |   2172 |   2090 |     82 |    819 |    961 |   2 | 1086.0 |
               +--------+--------+--------+--------+--------+-----+--------+

Top non-repeatable levels by time:
     D:1: 1592 daAuts
     D:2: 580 daAuts
